PL
HARTFORD WHALERS @ BUCKHEAD BOWTIES
05/15/2023
 
TOP OF THE 1ST
Hartford Whalers batting - Pitching for Buckhead Bowties : LHP Manuel Rojas
Pitching: LHP Manuel Rojas
Batting: RHB Javier Díaz 0-0: SINGLE (Line Drive, 6MD)
Batting: RHB Dave Farr 0-0: Grounds into double play, 5-4-3 (Groundball, 5)
Batting: RHB Juan Tapia 0-0: SINGLE (Groundball, 13S) (infield hit)
Batting: RHB Michael Collins 0-0: Ground out 1-3 (Groundball, 13)
Top of the 1st over - 0 run(s), 2 hit(s), 0 error(s), 1 left on base; Hartford 0 - Buckhead 0
BOTTOM OF THE 1ST
Buckhead Bowties batting - Pitching for Hartford Whalers : RHP Christian Patrick
Pitching: RHP Christian Patrick
Batting: RHB Aaron Phillips 0-0: Swinging Strike
0-1: Foul Ball, location: 2F
0-2: Strikes out swinging
Batting: LHB Neil Lawson 0-0: Ball
1-0: Ball
2-0: Foul Ball, location: 2F
2-1: Ball
3-1: Base on Balls
Batting: RHB Pedro Morales 0-0: Called Strike
0-1: Foul Ball, location: 2F
0-2: Strikes out swinging
Batting: LHB Tony Martínez 0-0: Called Strike
0-1: Ball
1-1: Called Strike
1-2: Fielders Choice at 2nd, U4 (Groundball, 4M)
Bottom of the 1st over - 0 run(s), 0 hit(s), 0 error(s), 1 left on base; Hartford 0 - Buckhead 0
TOP OF THE 2ND
Hartford Whalers batting - Pitching for Buckhead Bowties : LHP Manuel Rojas
Batting: RHB Jared Smith 0-0: Foul Ball, location: 2F
0-1: Ball
1-1: Swinging Strike
1-2: Ball
2-2: Ball
3-2: Foul Ball, location: 2F
3-2: Strikes out swinging
Batting: RHB Brent Burgess 0-0: Ball
1-0: Foul Ball, location: 2F
1-1: Swinging Strike
1-2: Ball
2-2: Strikes out swinging
Batting: RHB Troy Gine 0-0: Ball
1-0: Called Strike
1-1: Swinging Strike
1-2: Ground out 6-3 (Groundball, 6)
Top of the 2nd over - 0 run(s), 0 hit(s), 0 error(s), 0 left on base; Hartford 0 - Buckhead 0
BOTTOM OF THE 2ND
Buckhead Bowties batting - Pitching for Hartford Whalers : RHP Christian Patrick
Batting: RHB Enrique Marroquín 0-0: Ball
1-0: Ground out 6-3 (Groundball, 6)
Batting: RHB Gabriel Rodríguez 0-0: Ball
1-0: Foul Ball, location: 2F
1-1: DOUBLE (Flyball, 89M)
Batting: RHB Joe Andrews 0-0: Ball
1-0: Ball
2-0: Ball
3-0: Called Strike
3-1: Foul Ball, location: 2F
3-2: Base on Balls
Batting: RHB Dave King 0-0: Ball
1-0: Foul Ball, location: 2F
1-1: Ball
2-1: Ground out 5-3 (Groundball, 5S)
Gabriel Rodríguez to third
Joe Andrews to second
Batting: RHB Greg Robinson 0-0: Called Strike
0-1: Called Strike
0-2: Strikes out looking
Bottom of the 2nd over - 0 run(s), 1 hit(s), 0 error(s), 2 left on base; Hartford 0 - Buckhead 0
TOP OF THE 3RD
Hartford Whalers batting - Pitching for Buckhead Bowties : LHP Manuel Rojas
Batting: RHB Fernando Camacho 0-0: Ball
1-0: Ball
2-0: Foul Ball, location: 2F
2-1: Ball
3-1: Called Strike
3-2: Foul Ball, location: 2F
3-2: Strikes out swinging
Batting: RHB Orlando Jiménez 0-0: Ball
1-0: Swinging Strike
1-1: Foul Ball, location: 2F
1-2: Ball
2-2: Foul Ball, location: 2F
2-2: Foul Ball, location: 2F
2-2: Ball
3-2: Fly out, F8 (Flyball, 78M)
Batting: RHB Javier Díaz 0-0: Called Strike
0-1: Ball
1-1: SINGLE (Flyball, 8LS)
Batting: RHB Dave Farr 0-0: Ball
1-0: Swinging Strike
1-1: Ball
2-1: Called Strike
2-2: SINGLE (Line Drive, 56D)
Javier Díaz to second
Batting: RHB Juan Tapia 0-0: Fly out, F8 (Flyball, 8LM)
Top of the 3rd over - 0 run(s), 2 hit(s), 0 error(s), 2 left on base; Hartford 0 - Buckhead 0
BOTTOM OF THE 3RD
Buckhead Bowties batting - Pitching for Hartford Whalers : RHP Christian Patrick
Batting: RHB Aaron Phillips 0-0: Called Strike
0-1: Foul Ball, location: 2F
0-2: Ball
1-2: Ball
2-2: Fly out, F6 (Popup, 5D)
Batting: LHB Neil Lawson 0-0: SINGLE (Groundball, 4MD)
Batting: RHB Pedro Morales 0-0: Called Strike
0-1: Swinging Strike
0-2: Ball
1-2: Strikes out swinging
Batting: LHB Tony Martínez 0-0: Ball
1-0: Called Strike
1-1: Ground out 1-3 (Groundball, 15S)
Bottom of the 3rd over - 0 run(s), 1 hit(s), 0 error(s), 1 left on base; Hartford 0 - Buckhead 0
TOP OF THE 4TH
Hartford Whalers batting - Pitching for Buckhead Bowties : LHP Manuel Rojas
Batting: RHB Michael Collins 0-0: Ground out 1-3 (Groundball, 23)
Batting: RHB Jared Smith 0-0: Called Strike
0-1: Ground out U3 (Groundball, 3)
Batting: RHB Brent Burgess 0-0: Called Strike
0-1: Ball
1-1: Foul Ball, location: 2F
1-2: Fly out, F9 (Line Drive, 89M)
Top of the 4th over - 0 run(s), 0 hit(s), 0 error(s), 0 left on base; Hartford 0 - Buckhead 0
BOTTOM OF THE 4TH
Buckhead Bowties batting - Pitching for Hartford Whalers : RHP Christian Patrick
Batting: RHB Enrique Marroquín 0-0: Ball
1-0: Foul Ball, location: 2F
1-1: Ball
2-1: Called Strike
2-2: Foul Ball, location: 2F
2-2: Fly out, F3 (Popup, 3SF)
Batting: RHB Gabriel Rodríguez 0-0: Ball
1-0: Ground out 4-3 (Groundball, 4)
Batting: RHB Joe Andrews 0-0: Ball
1-0: Ball
2-0: Called Strike
2-1: Ball
3-1: Base on Balls
Batting: RHB Dave King 0-0: Ball
1-0: Called Strike
1-1: Foul Ball, location: 2F
1-2: Strikes out swinging
Bottom of the 4th over - 0 run(s), 0 hit(s), 0 error(s), 1 left on base; Hartford 0 - Buckhead 0
TOP OF THE 5TH
Hartford Whalers batting - Pitching for Buckhead Bowties : LHP Manuel Rojas
Batting: RHB Troy Gine 0-0: Ball
1-0: Foul Ball, location: 2F
1-1: Foul Ball, location: 2F
1-2: Ball
2-2: Foul Ball, location: 2F
2-2: Ball
3-2: Strikes out swinging
Batting: RHB Fernando Camacho 0-0: Foul Ball, location: 2F
0-1: Ball
1-1: Called Strike
1-2: Foul Ball, location: 2F
1-2: Strikes out swinging
Batting: RHB Orlando Jiménez 0-0: Fly out, F3 (Popup, 3L)
Top of the 5th over - 0 run(s), 0 hit(s), 0 error(s), 0 left on base; Hartford 0 - Buckhead 0
BOTTOM OF THE 5TH
Buckhead Bowties batting - Pitching for Hartford Whalers : RHP Christian Patrick
Batting: RHB Greg Robinson 0-0: SINGLE (Groundball, 6M)
Batting: RHB Aaron Phillips 0-0: Ball
1-0: Sac Bunt - play at first, batter OUT! 1-3
Greg Robinson to second
Batting: LHB Neil Lawson 0-0: Ground out U3 (Groundball, 3)
Greg Robinson to third
Batting: RHB Pedro Morales 0-0: Called Strike
0-1: Ball
1-1: Called Strike
1-2: DOUBLE (Flyball, 8RS)
Greg Robinson scores
Batting: LHB Tony Martínez 0-0: Fly out, F4 (Popup, 4D)
Bottom of the 5th over - 1 run(s), 2 hit(s), 0 error(s), 1 left on base; Hartford 0 - Buckhead 1
TOP OF THE 6TH
Hartford Whalers batting - Pitching for Buckhead Bowties : LHP Manuel Rojas
Batting: RHB Javier Díaz 0-0: Ground out 6-3 (Groundball, 6)
Batting: RHB Dave Farr 0-0: Called Strike
0-1: Ball
1-1: Swinging Strike
1-2: Strikes out swinging
Batting: RHB Juan Tapia 0-0: Foul Ball, location: 2F
0-1: Fly out, F9 (Flyball, 9M)
Top of the 6th over - 0 run(s), 0 hit(s), 0 error(s), 0 left on base; Hartford 0 - Buckhead 1
BOTTOM OF THE 6TH
Buckhead Bowties batting - Pitching for Hartford Whalers : RHP Christian Patrick
Batting: RHB Enrique Marroquín 0-0: Called Strike
0-1: Ball
1-1: Fly out, F4 (Popup, 13)
Batting: RHB Gabriel Rodríguez 0-0: Ball
1-0: Ball
2-0: Swinging Strike
2-1: Ball
3-1: Base on Balls
Batting: RHB Joe Andrews 0-0: Ball
1-0: Ball
2-0: Ball
3-0: Base on Balls
Gabriel Rodríguez to second
Batting: RHB Dave King 0-0: Ball
1-0: Called Strike
1-1: Grounds into double play, 5-4-3 (Groundball, 5)
Bottom of the 6th over - 0 run(s), 0 hit(s), 0 error(s), 1 left on base; Hartford 0 - Buckhead 1
TOP OF THE 7TH
Hartford Whalers batting - Pitching for Buckhead Bowties : LHP Manuel Rojas
Batting: RHB Michael Collins 0-0: Foul Ball, location: 2F
0-1: Swinging Strike
0-2: Ground out 4-3 (Groundball, 4)
Batting: RHB Jared Smith 0-0: Swinging Strike
0-1: Foul Ball, location: 2F
0-2: Ball
1-2: Foul Ball, location: 2F
1-2: Strikes out swinging
Batting: RHB Brent Burgess 0-0: Foul Ball, location: 2F
0-1: Ball
1-1: Ball
2-1: Ball
3-1: Base on Balls
Pinch Hitting: RHB Phil Hayes 0-0: Called Strike
0-1: Ball
1-1: Called Strike
1-2: Ball
2-2: Foul Ball, location: 2F
2-2: Strikes out swinging
Top of the 7th over - 0 run(s), 0 hit(s), 0 error(s), 1 left on base; Hartford 0 - Buckhead 1
BOTTOM OF THE 7TH
Buckhead Bowties batting - Pitching for Hartford Whalers : RHP Christian Patrick
Now in LF: Phil Hayes
Batting: RHB Greg Robinson 0-0: Ball
1-0: Ball
2-0: Ball
3-0: Called Strike
3-1: Foul Ball, location: 2F
3-2: Foul Ball, location: 2F
3-2: Foul Ball, location: 2F
3-2: Base on Balls
Batting: RHB Aaron Phillips 0-0: Ball
1-0: Sac Bunt - play at first, batter OUT! 1-3
Greg Robinson to second
Batting: LHB Neil Lawson 0-0: Intentional Walk
Batting: RHB Pedro Morales 0-0: Called Strike
0-1: Ball
1-1: Ball
2-1: Ball
3-1: Fly out, F2 (Popup, 2LF)
Batting: LHB Tony Martínez 0-0: Ball
1-0: Ball
2-0: Foul Ball, location: 2F
2-1: SINGLE (Groundball, 34)
Greg Robinson to third
Neil Lawson to second
Runner from 3rd tries for Home, SAFE, no throw or cutoff
Pitching: RHP Miguel González
Batting: RHB Enrique Marroquín 0-0: Ball
1-0: Ball
2-0: Foul Ball, location: 2F
2-1: Swinging Strike
2-2: Strikes out swinging
Bottom of the 7th over - 1 run(s), 1 hit(s), 0 error(s), 2 left on base; Hartford 0 - Buckhead 2
TOP OF THE 8TH
Hartford Whalers batting - Pitching for Buckhead Bowties : LHP Manuel Rojas
Batting: RHB Fernando Camacho 0-0: SINGLE (Groundball, 6D)
Batting: RHB Orlando Jiménez 0-0: Ball
1-0: Called Strike
1-1: Fly out, F8 (Flyball, 8LXD)
Batting: RHB Javier Díaz 0-0: Called Strike
0-1: Swinging Strike
0-2: Ball
1-2: Foul Ball, location: 2F
1-2: Ball
2-2: Ball
3-2: Foul Ball, location: 2F
3-2: Strikes out swinging
Batting: RHB Dave Farr 0-0: Called Strike
0-1: Foul Ball, location: 2F
0-2: Ball
1-2: Ball
2-2: Foul Ball, location: 2F
2-2: Foul Ball, location: 2F
2-2: Fielders Choice at 2nd, U6 (Groundball, 6M)
Top of the 8th over - 0 run(s), 1 hit(s), 0 error(s), 1 left on base; Hartford 0 - Buckhead 2
BOTTOM OF THE 8TH
Buckhead Bowties batting - Pitching for Hartford Whalers : RHP Miguel González
Batting: RHB Gabriel Rodríguez 0-0: Called Strike
0-1: Swinging Strike
0-2: Strikes out swinging
Batting: RHB Joe Andrews 0-0: Ball
1-0: Ball
2-0: Ball
3-0: Called Strike
3-1: Foul Ball, location: 2F
3-2: Strikes out swinging
Batting: RHB Dave King 0-0: Ball
1-0: Ball
2-0: Ball
3-0: Called Strike
3-1: Foul Ball, location: 2F
3-2: Base on Balls
Batting: RHB Greg Robinson 0-0: DOUBLE (Flyball, 7D)
Dave King to third
Runner from 3rd tries for Home, SAFE, no throw or cutoff
Batting: RHB Aaron Phillips 0-0: Called Strike
0-1: Ball
1-1: Swinging Strike
1-2: Foul Ball, location: 2F
1-2: Ball
2-2: Ball
3-2: Foul Ball, location: 2F
3-2: Foul Ball, location: 2F
3-2: Base on Balls
Batting: LHB Neil Lawson 0-0: Ground out 4-3 (Groundball, 4)
Bottom of the 8th over - 1 run(s), 1 hit(s), 0 error(s), 2 left on base; Hartford 0 - Buckhead 3
TOP OF THE 9TH
Hartford Whalers batting - Pitching for Buckhead Bowties : LHP Manuel Rojas
Batting: RHB Juan Tapia 0-0: Called Strike
0-1: Swinging Strike
0-2: Ground out 4-3 (Groundball, 4)
Batting: RHB Michael Collins 0-0: Ball
1-0: Ground out 5-3 (Groundball, 56)
Batting: RHB Jared Smith 0-0: Ball
1-0: Ground out 6-3 (Groundball, 6)
Top of the 9th over - 0 run(s), 0 hit(s), 0 error(s), 0 left on base; Hartford 0 - Buckhead 3
This league is powered by Out of the Park Baseball, the baseball management simulation game for PC, Mac and Linux
Friday, July 8th, 2016 - OOTP Baseball 16.9 Build 39